 Dungeon Crawl Stone Soup version 0.30-a0-4-ga7cffc901d (webtiles) character file.

Game seed: 2299116978760023367

45 Setbun the Sneak (level 3, -3/21 HPs)
             Began as a Kobold Brigand on Aug 21, 2022.
             Succumbed to a gnoll's poison
             ... on level 1 of the Dungeon.
             The game lasted 00:01:09 (1875 turns).

Setbun the Sneak (Kobold Brigand)                   Turns: 1875, Time: 00:01:10

Health: -3/21      AC:  3    Str:  8    XL:     3   Next: 90%
Magic:  3/3        EV: 14    Int: 12    God:
Gold:   73         SH:  0    Dex: 18    Spells: 2/2 levels left

rFire   . . .      SeeInvis .    a - +2 dagger
rCold   . . .      Faith    .    (no shield)
rNeg    . . .      Spirit   .    b - +0 robe
rPois   .          Reflect  .    (no helmet)
rElec   .          Harm     .    c - +0 cloak
rCorr   .          Rampage  .    (no gloves)
Will    .....                    (no boots)
Stlth   ++++......               (no amulet)
HPRegen 0.07/turn                (no ring)
MPRegen 0.08/turn                (no ring)

@: lethally poisoned (-3 -> -17)
A: small, no large weapons, nightstalker 3
a: no special abilities


You were on level 1 of the Dungeon.
You visited 1 branch of the dungeon, and saw 2 of its levels.

You collected 73 gold pieces.

Inventory:

Hand Weapons
 a - a +2 dagger (weapon)
Missiles
 d - 9 poisoned darts (quivered)
 e - 3 curare-tipped darts
 s - a throwing net
Armour
 b - a +0 robe (worn)
 c - a +0 cloak (worn)
Scrolls
 g - a scroll of poison {unknown}
 h - a scroll of teleportation {unknown}
 i - a scroll of noise {unknown}
 j - a scroll of fear {unknown}
 n - a scroll of summoning {unknown}
 p - a scroll of identify {unknown}
Potions
 f - 2 potions of haste {unknown}
 k - a potion of resistance {unknown}
 l - 2 potions of brilliance {unknown}
 m - a potion of lignification {unknown}
 o - a potion of curing {unknown}
 q - a potion of heal wounds {unknown}
 r - a potion of berserk rage {unknown}
 t - 2 potions of mutation {unknown}
 u - a potion of invisibility {unknown}


   Skills:
 - Level 2.1 Fighting
 * Level 5.2 Short Blades
 - Level 2.1 Throwing
 - Level 1.2 Dodging
 - Level 5.3 Stealth


You had 2 spell levels left.
You didn't know any spells.
Your spell library contained the following spells:

 Spells                   Type           Power      Damage    Failure   Level
 Scorch                   Fire           0%         2d5       45%         2
 Flame Wave               Conj/Fire      0%         2d4       97%         4
 Summon Cactus Giant      Summ           0%         N/A       100%        6


Dungeon Overview and Level Annotations

Branches:
Dungeon (2/15)

Altars:

Shops:
D:1 *

Annotations:
D:2 1 runed translucent door, Crazy Yiuf


Innate Abilities, Weirdness & Mutations

You are small and have problems with some larger weapons.
You are completely attuned to the shadows.


Message History

You now have 73 gold pieces (gained 5).
You open the door.
There is an open door here.
u - a dark potion
Found a runed translucent door.
Found a hammer.
You open the door.
There is an open door here.
There is an open door here.
Found a stone staircase leading up.
A ball python comes into view.
A ball python is nearby!
A ball python is nearby!
A gnoll comes into view. It is wielding a +1 spear of venom.
A frilled lizard comes into view.
The ball python hisses angrily.
The gnoll shouts!
The frilled lizard hisses angrily.
The ball python closely misses you. x2
The gnoll hits you from afar with a +1 spear of venom.
You are poisoned.
A gnoll comes into view. It is wielding a +0 flail.
The gnoll shouts!
You hear a shout! x2
You see here 7 gold pieces.
You hit the ball python.
You kill the ball python!
You feel sick.
You feel sick.
A kobold comes into view. It is wielding a +0 whip.
You feel sick.
The gnoll hits you with a +1 spear of venom.
A gnoll comes into view. It is wielding a +0 flail.
The kobold moves out of view.
There is a stone staircase leading up here.
Okay, then.
You feel sick.
The gnoll hits you with a +1 spear of venom!
* * * LOW HITPOINT WARNING * * *
You are more poisoned.
You climb upwards.
You die...

#.##..# #.......#
########..#####..†....#
......#...............#
#####.#.....###.......#
#.##....####+#.####
#..'.....# #.#.#
####.....# #.#.#
####..###...#
#....g@.## #..######
###########..#
.............#
###########..#
###..........#
....########## #####


You could see a gnoll.

Vanquished Creatures
  2 adders (D:2)
  A worm (D:2)
  2 giant cockroaches (D:2)
  2 goblins (D:1)
  5 hobgoblins
  2 kobolds
  A quokka (D:2)
  3 ball pythons
  A bat (D:2)
  3 frilled lizards (D:1)
  3 rats
25 creatures vanquished.

Notes
Turn   | Place    | Note
-------+----------+-------------------------------------------
     0 | D:1      | Setbun the Kobold Brigand began the quest for the Orb.
     0 | D:1      | Reached XP level 1. HP: 12/12 MP: 1/1
   451 | D:1      | Reached XP level 2. HP: 15/17 MP: 2/2
   543 | D:1      | Found Awnor Qule's Assorted Antiques.
  1423 | D:2      | Reached XP level 3. HP: 21/21 MP: 3/3
  1746 | D:2      | Reached skill level 5 in Short Blades
  1822 | D:2      | Found a runed translucent door.
  1825 | D:2      | Noticed Crazy Yiuf
  1874 | D:2      | HP: 1/21 [gnoll/+1 spear of venom (8)]
  1875 | D:1      | Succumbed to a gnoll's poison

Illustrated notes

Levels and vault maps discovered:
D:1:      saegor_arrival_simple_c, layout_basic, serial_shops,
          nicolae_shop_advertising_works [nicolae_subvault_shop_adworks]
D:2:      layout_loops_corners, minmay_hexomino_c4, uniq_crazy_yiuf_cottage

Skill      XL: |  1  2  3 |
---------------+----------+-----
Short Blades   | 3 4 5 |  5.2
Fighting       | |  2.1
Throwing       | |  2.1
Dodging        | |  1.2
Stealth        | |  5.3

Action                   || total
-------------------------++-------
Melee: Dagger            ||    76
       Punch             ||     1
 Stab: Sleeping          ||    12
Armor: Robe              ||    10
Dodge: Dodged            ||    36

Table legend: (Time is in decaauts)
 A = Elapsed time spent in this place.
 B = Non-inter-level travel time spent in this place.
 C = Inter-level travel time spent in this place.
 D = Time resting spent in this place.
 E = Time spent auto-exploring this place.
 F = Levels seen in this place.
 G = Mean time per level.
                   A        B        C        D        E       F      G
               +--------+--------+--------+--------+--------+-----+--------+
         Total |   1859 |   1796 |     63 |      0 |   1604 |   2 |  929.5 |
       Dungeon |   1859 |   1796 |     63 |      0 |   1604 |   2 |  929.5 |
               +--------+--------+--------+--------+--------+-----+--------+

Top non-repeatable levels by time:
     D:1: 945 daAuts
     D:2: 914 daAuts
